 Dungeon Crawl Stone Soup version 0.29.1-12-g30fa7ad0bf (webtiles) character file.

Game seed: 8427349799753409852

977 styxcanada the Covert (level 7, -1/36 HPs)
             Began as a Spriggan Brigand on Dec 16, 2022.
             Slain by a water moccasin (6 damage)
             ... on level 5 of the Dungeon.
             The game lasted 00:24:56 (6092 turns).

styxcanada the Covert (Spriggan Brigand)            Turns: 6092, Time: 00:24:57

Health: -1/36      AC:  5    Str:  9    XL:     7   Next: 95%
Magic:  8/8        EV: 19    Int: 12    God:
Gold:   159        SH:  0    Dex: 19    Spells: 6/6 levels left

rFire   . . .      SeeInvis +   A - +11 rapier "Gupek" {vorpal, rElec rPois rC++ Str+2}
rCold   + + +      Faith    .   (no shield)
rNeg    . . .      Spirit   .   u - +1 animal skin
rPois   +          Reflect  .   (helmet restricted)
rElec   +          Harm     .   c - +1 cloak
rCorr   .          Rampage  .   (gloves unavailable)
Will    +....                   (boots unavailable)
Stlth   ++++......              (no amulet)
HPRegen 0.12/turn               i - ring of protection from cold
MPRegen 0.11/turn               (no ring)

@: lethally poisoned (-1 -> -15), very quick
A: very small, no large weapons, unfitting armour, see invisible, speed 3
a: no special abilities


You were on level 5 of the Dungeon.
You visited 2 branches of the dungeon, and saw 6 of its levels.

You collected 159 gold pieces.

Inventory:

Hand Weapons
 a - a +2 dagger
 e - a +0 short sword of freezing
 p - a +2 dagger of holy wrath
 q - a +1 sling of venom
 t - a +3 short sword of speed
 v - a +2 dagger of venom
 A - the +11 rapier "Gupek" (weapon) {vorpal, rElec rPois rC++ Str+2}
   (You found it on level 5 of the Dungeon)

   It inflicts extra damage upon your enemies.
   Str:       It affects your strength (+2).
   rC:        It greatly protects you from cold.
   rElec:     It insulates you from electricity.
   rPois:     It protects you from poison.
Missiles
 h - 15 stones (quivered)
 o - 4 atropa-tipped darts
 r - 3 curare-tipped darts
 x - 7 poisoned darts
 B - a throwing net
Armour
 b - a +0 robe
 c - a +1 cloak (worn)
 u - a +1 animal skin (worn)
Jewellery
 i - a ring of protection from cold (left hand)
Wands
 l - a wand of acid (18)
 w - a wand of polymorph (11)
Scrolls
 k - 4 scrolls of teleportation
 y - a scroll of enchant weapon
Potions
 d - a potion of magic {unknown}
 f - 3 potions of curing
 g - a potion of berserk rage
 j - a potion of cancellation
 m - a potion of brilliance {unknown}
 n - a potion of flight {unknown}
 s - a potion of resistance {unknown}
 z - a potion of attraction {unknown}


   Skills:
 * Level 3.3 Fighting
 + Level 3.8 Short Blades
 + Level 3.5 Ranged Weapons
 + Level 3.7 Throwing
 * Level 4.5 Dodging
 * Level 9.2 Stealth
 * Level 2.2 Evocations


You had 6 spell levels left.
You didn't know any spells.
Your spell library contained the following spells:

 Spells                   Type           Power      Damage    Failure   Level
 Beastly Appendage        Tmut           0%         N/A       32%         1
 Necrotise                Necr           0%         1d4       32%         1
 Sublimation of Blood     Necr           0%         N/A       45%         2
 Wereblood                Tmut           0%         N/A       45%         2
 Spider Form              Tmut/Pois      0%         N/A       69%         3
 Vampiric Draining        Necr           0%         2d6       69%         3
 Agony                    Necr           0%         N/A       100%        5
 Summon Hydra             Summ           0%         N/A       100%        7


Dungeon Overview and Level Annotations

Branches:
Dungeon (5/15)             Temple (1/1) D:5

Altars:
Ashenzari
Dithmenos
Fedhas
Kikubaaqudgha
Nemelex Xobeh
Qazlal
Ru
Vehumet
Wu Jian
Yredelemnul
Zin
The Shining One

Shops:
D:3 =


Innate Abilities, Weirdness & Mutations

You are very small and have problems with some larger weapons.
You are too small for most types of armour.
You have supernaturally acute eyesight. (SInv)
You cover ground extremely quickly. (Speed+++)


Message History

You skewer the iguana like a kebab!!!
You kill the iguana!
You puncture the scorpion!
You kill the scorpion!
The water moccasin closely misses you.
You closely miss the water moccasin. The water moccasin bites you.
The water moccasin bites you but does no damage.
You closely miss the water moccasin. The water moccasin misses you.
You hit the water moccasin.
The water moccasin is moderately wounded.
The water moccasin closely misses you.
You barely miss the water moccasin.
The water moccasin is moderately wounded.
The water moccasin bites you.
The water moccasin completely misses you.
You closely miss the water moccasin.
The water moccasin is moderately wounded.
The water moccasin bites you.
You are poisoned.
The water moccasin poisons you!
You hit the water moccasin.
The water moccasin is heavily wounded.
You feel very sick. The water moccasin misses you. x2
You barely miss the water moccasin. Your punch misses the water moccasin.
The water moccasin is heavily wounded.
You feel very sick. The water moccasin closely misses you.
You barely miss the water moccasin.
The water moccasin is heavily wounded.
You feel sick. The water moccasin bites you. x2
* * * LOW HITPOINT WARNING * * *
You are lethally poisoned!
The water moccasin poisons you!
You hit the water moccasin but do no damage.
The water moccasin is heavily wounded.
* * * LOW HITPOINT WARNING * * *
You feel very sick. The water moccasin bites you.
You die...

...# #####.###
#.#####.......# ##+#
#.......###.#.# #8.8#
#.............## .....#
#...#...##.#...# .....8#
#.......##.....#
.......##..............#
......S8#.#.###.####..##
..)....@'.#.# #.........
.......8#.#.# ###..#.#.#
.......##.#.# ##.(....
.....8# #.#.# #.#....
.....# #.#.# #......
#8.8# ..... #.#...> ##+#
#.# ........ .#
###.#.... #......


You could see a water moccasin.

Vanquished Creatures
  Edmund (D:4)
  Duvessa (D:3)
  3 ogres (D:4)
  A scorpion (D:5)
  Dowan (D:4)
  A hound (D:4)
  2 orc priests (D:3)
  2 iguanas (D:5)
  3 orc wizards (D:4)
  Robin (D:4)
  2 adders
  3 worms
  22 orcs
  7 ball pythons
  12 endoplasms
  4 giant cockroaches
  13 goblins
  10 hobgoblins
  4 jackals (D:3)
  8 kobolds
  5 quokkas
  7 bats
  2 frilled lizards (D:1)
  4 rats
119 creatures vanquished.

Vanquished Creatures (others)
  84 plants (D:4)
84 creatures vanquished.

Grand Total: 203 creatures vanquished

Notes
Turn   | Place    | Note
-------+----------+-------------------------------------------
     0 | D:1      | styxcanada the Spriggan Brigand began the quest for the
                  | Orb.
     0 | D:1      | Reached XP level 1. HP: 10/10 MP: 2/2
    83 | D:1      | Reached skill level 6 in Stealth
   285 | D:1      | Reached XP level 2. HP: 7/14 MP: 3/3
   877 | D:1      | Reached XP level 3. HP: 18/18 MP: 4/4
  1012 | D:2      | Reached skill level 7 in Stealth
  1822 | D:3      | Reached XP level 4. HP: 23/23 MP: 5/5
  2193 | D:3      | Reached skill level 8 in Stealth
  2193 | D:3      | Reached XP level 5. HP: 9/26 MP: 6/6
  2662 | D:3      | Found Ydunion's Jewellery Emporium.
  2995 | D:4      | Noticed Duvessa
  2995 | D:4      | Noticed Dowan
  2995 | D:4      | Noticed an ogre
  2996 | D:4      | Killed Dowan
  3391 | D:3      | Killed Duvessa
  3392 | D:3      | Reached skill level 1 in Ranged Weapons
  3392 | D:3      | Reached XP level 6. HP: 28/32 MP: 7/7
  4244 | D:4      | Reached XP level 7. HP: 35/35 MP: 8/8
  4758 | D:4      | Found a stormy altar of Qazlal.
  4913 | D:4      | Noticed Robin
  4936 | D:4      | Killed Robin
  4986 | D:4      | Noticed Edmund
  5163 | D:4      | Reached skill level 1 in Evocations
  5380 | D:4      | Killed Edmund
  5381 | D:4      | Reached skill level 9 in Stealth
  5833 | D:5      | Entered Level 5 of the Dungeon
  5864 | D:5      | Found a staircase to the Ecumenical Temple.
  5876 | Temple   | Entered the Ecumenical Temple
  5949 | D:5      | Identified the +11 rapier "Gupek" {vorpal, rElec rPois rC++
                  | Str+2}
  6092 | D:5      | Slain by a water moccasin

Illustrated notes

Levels and vault maps discovered:
D:1:      minmay_arrival_nine_rooms, layout_rooms
D:2:      layout_rooms
D:3:      layout_loops_corners, serial_shops, nicolae_shop_stone
D:4:      layout_loops_corners, nicolae_qazlal_eye_of_the_storm, serial_bayou,
          serial_bayou_crossing, serial_bayou_lagoon_a, serial_bayou_pond_b,
          serial_bayou_pond_c, minmay_a_box_with_orc_wizards_in_it, uniq_edmund,
          uniq_robin, uniq_duvessa
D:5:      layout_loops_cross, minmay_temple_entry_glass, dk_noncrumbling_4
Temple:   nicolae_temple_ecumenical_triangle

Skill      XL: |  1  2  3  4  5  6  7 |
---------------+----------------------+-----
Stealth        | 6 7 8 9 |  9.2
Dodging        | 2 3 4 |  4.5
Fighting       | 2 3 |  3.3
Short Blades   | 3 |  3.8
Ranged Weapons | 1 2 3 |  3.5
Throwing       | 3 |  3.7
Evocations     | 2 |  2.2

Action                   |  1- 3 |  4- 6 |  7- 9 || total
-------------------------+-------+-------+-------++-------
Melee: Dagger            |   115 |    33 |       ||   148
       Punch             |     1 |       |     2 ||     3
       Short sword       |       |    14 |    42 ||    56
       Rapier            |       |       |    11 ||    11
 Fire: Sling             |       |    38 |    75 ||   113
Throw: Dart              |    18 |    36 |     7 ||    61
       Stone             |       |     4 |     3 ||     7
  Use: Scroll            |     7 |     2 |     2 ||    11
 Stab: Sleeping          |    14 |     4 |     1 ||    19
Armor: Robe              |    15 |     3 |     2 ||    20
       Animal skin       |       |       |     4 ||     4
Dodge: Dodged            |    67 |    32 |    35 ||   134
